 Dungeon Crawl Stone Soup version 0.30-a0-358-g0d69a1922f (webtiles) character file.

Game seed: 5300021150260839684

502 Maxmaps the Magician (level 7, 0/46 HPs)
             Began as an Octopode Transmuter on Nov 10, 2022.
             Succumbed to a killer bee's poison
             ... on level 7 of the Dungeon.
             The game lasted 00:05:48 (2942 turns).

Maxmaps the Magician (Octopode Transmuter)          Turns: 2942, Time: 00:05:49

Health: 0/46       AC:  5    Str:  9    XL:     7   Next: 17%
Magic:  13/13      EV: 13    Int: 18    God:
Gold:   69         SH:  0    Dex: 12    Spells: 10/14 levels left

rFire   . . .      SeeInvis .      - Unarmed
rCold   . . .      Faith    .    (no shield)
rNeg    . . .      Spirit   .    (helmet restricted)
rPois   .          Reflect  .    s - amulet of regeneration
rElec   .          Harm     .    c - +4 ring of protection
rCorr   .          Rampage  .    (no ring)
Will    .....                    (no ring)
Stlth   ++........               (no ring)
HPRegen 1.07/turn                (no ring)
MPRegen 0.13/turn                (no ring)
                                 (no ring)
                                 (no ring)

@: lethally poisoned (0 -> -8)
A: almost no armour, amphibious, 8 rings, camouflage 1, gelatinous body 1,
(nimble swimmer 1), tentacles
a: no special abilities


You were on level 7 of the Dungeon.
You visited 1 branch of the dungeon, and saw 5 of its levels.

You collected 181 gold pieces.
You spent 112 gold pieces at shops.

Inventory:

Jewellery
 c - a +4 ring of protection (left tentacle)
 s - an amulet of regeneration (around mantle)
 v - a +4 ring of protection
Scrolls
 e - a scroll of magic mapping
 h - a scroll of blinking
 k - 6 scrolls of teleportation
 m - 2 scrolls of immolation
Potions
 a - 2 potions of lignification
 b - a potion of brilliance
 d - a potion of degeneration
 i - a potion of haste
 o - a potion of magic {unknown}
 t - a potion of flight {unknown}


   Skills:
 - Level 3.1 Fighting
 - Level 2.0 Dodging
 - Level 3.0 Unarmed Combat
 - Level 4.2 Spellcasting
 + Level 4.0 Transmutations
 - Level 4.1 Poison Magic


You had 10 spell levels left.
You knew the following spells:

 Your Spells              Type           Power      Damage    Failure   Level
a - Beastly Appendage     Tmut           36%        N/A       2%          1
b - Spider Form           Tmut/Pois      18%        N/A       9%          3

Your spell library contained the following spells:

 Spells                   Type           Power      Damage    Failure   Level
 Wereblood                Tmut           18%        N/A       4%          2
 Summon Guardian Golem    Hex/Summ       3%         N/A       41%         3
 Ice Form                 Ice/Tmut       11%        N/A       54%         4
 Orb of Destruction       Conj           1%         9d5       100%        7
 Spellforged Servitor     Conj/Summ      1%         N/A       100%        7


Dungeon Overview and Level Annotations

Branches:
Dungeon (4/15)
 Temple: D:4-7

Altars:
Gozag
Nemelex Xobeh
Qazlal
Zin

Shops:
D:1 (   D:3 !


Innate Abilities, Weirdness & Mutations

You cannot wear most types of armour.
You are amphibious.
You can wear up to eight rings at the same time.
Your skin changes colour to match your surroundings (Stealth+).
Your rubbery body absorbs attacks. (AC +1, EV +1)
((You are camouflaged when in or above water. (Stealth+)))
You have tentacles for arms and can constrict up to eight enemies at once.


Message History

You constrict the killer bee.
You feel sick. The killer bee stings you!
* * * LOW HITPOINT WARNING * * *
The killer bee stings you but does no damage.
Your Transmutations skill increases to level 4!
Unknown command.
You tentacle-slap the killer bee.
The killer bee is severely wounded.
You constrict the killer bee.
You feel sick. The killer bee barely misses you.
The killer bee closely misses you.
You closely miss the killer bee.
The killer bee is almost dead.
You constrict the killer bee.
You feel sick. The killer bee stings you.
* * * LOW HITPOINT WARNING * * *
You are more poisoned.
The killer bee poisons you!
A killer bee comes into view.
The killer bee misses you.
Unknown command.
Unknown command.
You release your grip on the killer bee.
The killer bee attacks as you move away!
The killer bee barely misses you.
You feel very sick.
The killer bee stings you but does no damage.
The killer bee stings you.
* * * LOW HITPOINT WARNING * * *
* * * LOW HITPOINT WARNING * * *
You feel very sick.
The killer bee buzzes angrily.
The killer bee stings you.
* * * LOW HITPOINT WARNING * * *
You are more poisoned.
The killer bee poisons you!
The killer bee stings you but does no damage.
The killer bee barely misses you.
The killer bee attacks as you move away!
The killer bee closely misses you.
The killer bee attacks as you move away!
The killer bee closely misses you.
You die...

**,,*,,,,,*
#.*.#.#,******** **,*,,,,,*
#.#....,,,,,,,,, *,***+***
#.#.#.*,*,,,**** *,* *,*
#.#..,,,,,,,,,,, *,* *,*
#.#.#*,,,,,,****
*,***,***######.#.#*****,**
*,,,,,,,,,...#..y.# *,*
*,*********#.#.y.#######.#
*,* #.@.y.†.....<.# *,*
*#.#.#.#.######* *,*
#.###......######### *,*
##,#.#.#.#.......... ****,*
**#......####.......
,,,,,**
*$...#........######
,,,,,,* #o#.###########
*****,* #o#.* *,* *,#,*
**##


You could see 3 killer bees.

Vanquished Creatures
  2 bullfrogs
  2 killer bees (D:7)
  A hound (D:4)
  A jelly (D:4)
  2 orc priests (D:4)
  An iguana (D:4)
  Terence (D:3)
  4 adders
  A worm (D:2)
  3 dart slugs (D:3)
  4 orcs
  8 ball pythons
  A bat (D:2)
  4 endoplasms
  2 giant cockroaches
  5 goblins
  9 hobgoblins
  8 jackals
  5 kobolds
  4 quokkas
  5 frilled lizards
  A rat (D:3)
74 creatures vanquished.

Notes
Turn   | Place    | Note
-------+----------+-------------------------------------------
     0 | D:1      | Maxmaps the Octopode Transmuter began the quest for the
                  | Orb.
     0 | D:1      | Reached XP level 1. HP: 13/13 MP: 3/3
   129 | D:1      | Reached XP level 2. HP: 19/19 MP: 5/5
   187 | D:1      | Found Esasotz's Antique Weapon Shoppe.
   948 | D:2      | Reached XP level 3. HP: 26/26 MP: 6/6
  1581 | D:3      | Reached XP level 4. HP: 31/31 MP: 5/8
  1606 | D:3      | Found a glowing silver altar of Zin.
  1765 | D:3      | Noticed Terence
  1778 | D:3      | Killed Terence
  1947 | D:3      | Found Ethaufenk's Distillery.
  1950 | D:3      | Bought a potion of heal wounds for 70 gold pieces
  1950 | D:3      | Bought a potion of curing for 42 gold pieces
  2036 | D:3      | Reached XP level 5. HP: 36/36 MP: 10/10
  2579 | D:4      | Found a stormy altar of Qazlal.
  2617 | D:4      | Learned a level 3 spell: Spider Form
  2624 | D:4      | Reached skill level 1 in Poison Magic
  2650 | D:3      | Reached XP level 6. HP: 24/42 MP: 12/12
  2830 | D:4      | You fall into a shaft and drop 3 floors!
  2882 | D:7      | Found a sparkling altar of Nemelex Xobeh.
  2882 | D:7      | Found an opulent altar of Gozag.
  2934 | D:7      | HP: 1/42 [killer bee (3)]
  2936 | D:7      | Reached XP level 7. HP: 22/46 MP: 13/13
  2941 | D:7      | HP: 2/46 [killer bee (1)]
  2942 | D:7      | Succumbed to a killer bee's poison

Illustrated notes

Levels and vault maps discovered:
D:1:      mrwooster_arrival_statue_3, layout_loops_ring, serial_shops,
          nicolae_shop_advertising_works [nicolae_subvault_shop_adworks],
          minmay_pentomino_x4
D:2:      layout_basic, minmay_indecisive_spiral
D:3:      layout_basic, mainiacjoe_overflow_six_doors_small, serial_shops,
          nicolae_shop_trees, roderic_three_in_a_row, uniq_terence
D:4:      layout_basic, grunt_qazlal_clouds,
          minmay_temple_entry_statues_fountains
D:7:      layout_loops_ring, grunt_temple_overflow_opulence,
          trog_ov_bears_minmay, enter_bailey_7, serial_glass, glass_columns_a,
          glass_columns_a, uniq_pikel, uniq_joseph

Skill      XL: |  1  2  3  4  5  6  7 |
---------------+----------------------+-----
Fighting       | 2 3 |  3.1
Spellcasting   | 3 4 |  4.2
Poison Magic   | 3 4 |  4.1
Transmutations | 3 4 |  4.0
Dodging        | |  2.0
Unarmed Combat | |  3.0

Action                   |  1- 3 |  4- 6 |  7- 9 || total
-------------------------+-------+-------+-------++-------
Melee: Unarmed           |    87 |   117 |     3 ||   207
       Tentacles         |    23 |    22 |       ||    45
       Constrict         |    22 |    28 |       ||    50
       Kick              |     6 |    15 |       ||    21
       Punch             |       |     2 |       ||     2
 Cast: Beastly Appendage |     3 |     8 |       ||    11
       Spider Form       |       |     4 |       ||     4
  Use: Scroll            |       |    13 |       ||    13
       Potion            |       |     2 |     1 ||     3
 Stab: Sleeping          |     7 |     3 |       ||    10
Armor: Skin              |    19 |    30 |     4 ||    53
Dodge: Dodged            |    76 |    97 |     8 ||   181

Table legend: (Time is in decaauts)
 A = Elapsed time spent in this place.
 B = Non-inter-level travel time spent in this place.
 C = Inter-level travel time spent in this place.
 D = Time resting spent in this place.
 E = Time spent auto-exploring this place.
 F = Levels seen in this place.
 G = Mean time per level.
                   A        B        C        D        E       F      G
               +--------+--------+--------+--------+--------+-----+--------+
         Total |   2933 |   2858 |     75 |    341 |   1895 |   5 |  586.6 |
       Dungeon |   2933 |   2858 |     75 |    341 |   1895 |   5 |  586.6 |
               +--------+--------+--------+--------+--------+-----+--------+

Top non-repeatable levels by time:
     D:3: 1040 daAuts
     D:2: 820 daAuts
     D:1: 728 daAuts
     D:4: 232 daAuts
     D:7: 111 daAuts
